Zalatar, chaotic male elven Ranger -- -- --.----.-- --- -- |........| --.--.--- ---- ........|----.......| ..--..---- --- ......--.|...)....--- -.......----.-- -.................. -.......--...| -.`............ -.....^.)%..-- ...- |............- ---)%)%%...a@%......- |..<.........| -.--|.%%....%......--- -- --............----|...|.|.......|..).| |..............|.-- -...|-....----..-| | --................---...||...--|. ...---- -. --...--......)......%.|.--------.--.....-- ..... ---....-----..----.-----|...| |...........--- -...........| ---- --- ---.----.-(..........| ----.......-- |.%..).....%---... -.......- --...---.---- -...| |....---! .....| --- ..| |.... -- --.|..| --- --..- ------ --- Zalatar the Trailblazer Experience level: 7 Strength: 14 Dexterity: 12 Constitution: 14 Intelligence: 14 Wisdom: 14 Charisma: 8 Health: 0(47) Energy: 29(29) Def: 10 Gold: 447 Moves: 4308 Dungeon seed: NCTvfHF2N4i4nCEc Game ID: Zalatar_1561971385 Your Inventory: Coins $ - 447 gold pieces Weapons a - a +1 elven dagger (alternate weapon; not wielded) b - a +1 elven bow (weapon in hand) c - 33 +2 elven arrows (in quiver) d - 2 +0 elven arrows t - a +0 crossbow u - 14 +0 crossbow bolts I - a +1 crossbow Armor e - a blessed +2 elven cloak (being worn) q - a cursed -1 elven mithril-coat (being worn) y - an uncursed +0 orcish helm (being worn) z - a cursed +0 pair of high boots (being worn) Comestibles f - 2 uncursed lembas wafers Scrolls s - an uncursed scroll of enchant weapon Potions K - an uncursed potion of object detection L - an uncursed potion of levitation M - a cursed potion of hallucination Rings m - an uncursed ring of levitation (on left hand) Tools B - an uncursed credit card F - an uncursed mirror J - 5 blessed wax candles (0:400) Gems n - an uncursed agate stone r - an uncursed worthless piece of white glass w - an uncursed worthless piece of black glass x - an uncursed topaz stone N - 2 uncursed garnet stones Y - an uncursed worthless piece of violet glass Spells and supernatural/magical abilities: Name Level Category Fail Memory W - pray for help -- divine ? -- Your skills at the end: Fighting Skills Weapon Skills dagger [Basic] bow [Basic] Spellcasting Skills Final Attributes: You were piously aligned. You were sleep resistant. You had automatic searching. You had infravision. You were stealthy. You could teleport. You were levitating. You are dead. Vanquished creatures: a dwarf king a giant spider a gnome king an ogre 2 dwarf lords a blue jelly 2 wood nymphs a rock piercer a rock mole 2 fog clouds a violet fungus 6 gnome lords a gnomish wizard a guardian naga hatchling a giant ant a kitten 8 dwarves a rabid rat a centipede an acid blob 5 coyotes 2 gas spores 3 hobbits a large kobold 2 giant rats 4 cave spiders 25 gnomes 2 garter snakes 3 geckos 3 jackals a fox a kobold 4 goblins 4 grid bugs 3 bats 6 lichens 4 newts 108 creatures vanquished. Voluntary challenges: You used a wielded weapon 42 times, starting on turn 229. You read items or engraved 15 times, starting on turn 1896. You never genocided any monsters. You never polymorphed an object. You never changed form. You used no wishes. You never split a pudding. You wrote Elbereth's name 11 times, starting on turn 1896. You never violated your personal moral code. Dungeon overview: The Dungeons of Doom: levels 1 to 4 Level 1 a long staircase Level 2 an altar to Mercury Level 3 a fountain stairs to The Gnomish Mines Level 4 The Gnomish Mines: levels 4 to 8 Level 4 stairs to The Dungeons of Doom Level 5 Level 6 Level 8 <- You were here History has recorded: On T:1 you entered the Dungeons of Doom to retrieve the Amulet of Yendor! On T:286 you reached level 2 of The Dungeons of Doom. On T:566 you advanced to experience level 2. On T:666 you reached level 3 of The Dungeons of Doom. On T:840 you advanced to experience level 3. On T:1384 you reached level 4 of The Dungeons of Doom. On T:1658 you advanced to experience level 4. On T:1890 you reached level 1 of The Gnomish Mines. On T:2458 you advanced to experience level 5. On T:2846 you reached level 2 of The Gnomish Mines. On T:3605 you advanced to experience level 6. On T:3858 you reached level 3 of The Gnomish Mines. On T:4145 you reached level 5 of The Gnomish Mines. On T:4183 you advanced to experience level 7. Score breakdown: Gold: 447 ( 9018 points) Experience: 7 levels (13645 points) Exploration: 8 levels ( 17.39%) (11832 points) Discoveries: 5 items ( 1.72%) ( 3939 points) Valuables value: (no points given unless you survive) Artifact value: 0 ( 0 points) Variety of kills: 37 monsters ( 9.71%) ( 9348 points) Turncount: 4308 turns (-1134 points) Survival: died (score multiplied by 80%) Total score: 37318 Latest messages: c - a +2 elven arrow (in quiver). u - 14 crossbow bolts. There are a few more objects here. c - a +2 elven arrow (in quiver). There are a few objects here. The elven arrow hits the soldier ant. The soldier ant bites! The soldier ant misses. The elven arrow hits the soldier ant! The soldier ant bites! The soldier ant stings! The soldier ant bites! The soldier ant stings! You are now wearing a ring of levitation. You start to float in the air! The soldier ant bites! You die... Final status: Goodbye Zalatar the Ranger, killed by a soldier ant... You died in The Gnomish Mines on dungeon level 8 with 37318 points, and 447 pieces of gold, after 4308 moves. You were level 7 with a maximum of 47 hit points when you died.